 Dungeon Crawl Stone Soup version 0.31-a0-1074-g0b22e4e0f1 (webtiles) character file.

Game seed: 3460499894457497875

108 ytrimaz the Insei (level 4, -7/32 HPs)
             Began as a Demonspawn Shapeshifter on Dec 1, 2023.
             Mangled by a gnoll
             ... wielding a +0 halberd
              (8 damage)
             ... on level 2 of the Dungeon.
             The game lasted 00:01:53 (1521 turns).

ytrimaz the Insei (Demonspawn Shapeshifter)         Turns: 1521, Time: 00:01:54

Health: -7/32      AC:  5    Str: 14    XL:     4   Next: 58%
Magic:  4/4        EV: 11    Int: 11    God:
Gold:   54         SH:  0    Dex: 15    Spells: 3/3 levels left

rFire   . .          .
                       - Unarmed
rCold   . . .        (no shield)
rNeg    . . .        q - +0 ring mail
rPois   .            (helmet currently unavailable)
rElec   .            (cloak currently unavailable)
rCorr   .            (gloves currently unavailable)
SInv    .            (boots currently unavailable)
Will    .....        (no amulet) Stlth
                     (no ring)
HPRegen 0.25/turn    (no ring)
MPRegen 0.18/turn

%: no passive effects
@: beast-form, silenced, weak-willed
A: beast (slay +2), magic regeneration, demonic touch 1
a: Begin Untransformation


You were on level 2 of the Dungeon.
You were a hulking beast.
You visited 1 branch of the dungeon, and saw 2 of its levels.

You collected 54 gold pieces.


Innate Abilities, Weirdness & Mutations

You are a hulking beast.
Your limbs bulge with bestial killing power. (Slay +2)
You regenerate magic rapidly.
Your touch may inflict minor irresistible damage on your foes.


   Skills:
 - Level 1.0 Fighting
 - Level 1.7 Dodging
 + Level 4.0 Unarmed Combat
 + Level 3.7 Shapeshifting


You had 3 spell levels left.
You didn't know any spells.
Your spell library was empty.

Inventory:

Armour
 a - a +0 animal skin
 m - a +0 cloak
   (You found it on level 2 of the Dungeon)
 q - a +0 ring mail (worn)
   (You found it on level 2 of the Dungeon)
Jewellery
 f - a +6 ring of intelligence
   (You found it on level 1 of the Dungeon)
Talismans
 c - a beast talisman
 d - a flux talisman
Scrolls
 e - 2 scrolls of identify
 h - 2 scrolls of fog
 o - a scroll of teleportation {unknown}
 p - a scroll of revelation {unknown}
Potions
 j - a potion of curing
 k - a potion of berserk rage {unknown}
 l - a potion of haste {unknown}
 n - a potion of might {unknown}

Dungeon Overview and Level Annotations

Branches:
Dungeon (2/15) Zot: 10485

Altars:

Shops:
D:1

[ .).....##.#..##.##
........#........#.
........#...........
........#...#.......
...........#############
..#...#.....#.#........
.######.#......#..g.### # ..#
#.#.......#.g#§§####.$. ..#
#.#).....†h##§§§§§..... ###
##.#.......g##§r§ggg....
######..#)......#g§#§§#§#r...
.......###.....#.§§§### # #
...##### #..#.#..§§§§... ...#
#.############# ##.# #.. ###
#.g #..g


You could see 4 gnolls.


Message History

MASSIVE DAMAGE!! (PAUSE)
You feel sick.
You start removing your armour.
You continue taking off your +0 animal skin.
You feel sick.
You continue taking off your +0 animal skin.
You feel sick.
You continue taking off your +0 animal skin.
You feel sick.
You are no longer poisoned.
You continue taking off your +0 animal skin.
You finish taking off your +0 animal skin.
You start putting on your armour.
You continue putting on your +0 ring mail. x5
You finish putting on your +0 ring mail. 😨 HP[-1]
You take 1 damage, and now have 11/32 hp.
Unknown command.
A ball python comes into view. 😮 HP[+8]
You regained 8 hp, and now have 19/32 hp.
A ball python is nearby!
Unknown command.
A ball python is nearby!
Unknown command.
A ball python is nearby!
You are too injured to fight recklessly!
The ball python hisses angrily.
You are too injured to fight recklessly!
The ball python barely misses you. The ball python closely misses you.
You are too injured to fight recklessly!
You are too injured to fight recklessly!
You completely miss the ball python. Your touch misses the ball python.
The ball python bites you but does no damage.
The ball python grabs you.
The ball python constricts you. 😮 HP[+1]
You hit the ball python.
You touch the ball python.
You kill the ball python!
You are too injured to fight recklessly!
You are too injured to fight recklessly!
b - a scroll labelled EREIXA PITH 😎 HP[+12]
Your hp is fully restored (32). 2 gnolls come into view.
The gnoll shouts! x2
A gnoll comes into view. It is wielding a +0 halberd.
There are monsters nearby!
There are monsters nearby!
There are monsters nearby!
A gnoll comes into view. It is wielding a +0 whip of freezing.
A rat comes into view.
The gnoll barely misses you.
As you read the scroll labelled LECSAE FOFYGAL, it crumbles to dust.
It is a scroll of identify.
h - 3 scrolls of fog The gnoll hits you from afar with a +0 spear. x2 😮 HP[-9]
You take 9 damage, and now have 23/32 hp.
MASSIVE DAMAGE!! (PAUSE)
As you read the scroll of fog, it dissolves into smoke.
The gnoll hits you from afar with a +0 spear.
The gnoll hits you from afar with a +0 halberd.
The gnoll hits you from afar with a +0 spear. 😮 HP[-4]
You take 4 damage, and now have 19/32 hp.
Unknown command.
The gnoll attacks as it pursues you! The gnoll barely misses you.
The gnoll attacks as it pursues you!
The gnoll hits you from afar with a +0 spear.
* * * LOW HITPOINT WARNING * * *
😨 HP[-6]
You take 6 damage, and now have 13/32 hp.
Unknown command.
The gnoll closely misses you. 😨 HP[+1]
The gnoll hits you but does no damage. 😨 HP[+1]
As you read the scroll labelled MOASUS UNLEYNG, it crumbles to dust.
Magic quickly surges around you.
It was a scroll of vulnerability.
The gnoll hits you from afar with a +0 spear.
* * * LOW HITPOINT WARNING * * *
The gnoll closely misses you. 😨 HP[-4]
You take 4 damage, and now have 11/32 hp.
Unknown command.
As you read the scroll labelled EREIXA PITH, it crumbles to dust.
It is a scroll of enchant weapon.
You aren't carrying any weapons that can be enchanted.
The gnoll hits you but does no damage.
The gnoll hits you from afar with a +0 halberd!
* * * LOW HITPOINT WARNING * * *
😱 HP[-10]
You take 10 damage, and now have 1/32 hp.
MASSIVE DAMAGE!! (PAUSE) Unknown command.
As you read the scroll labelled DAVAYHU MONE, it crumbles to dust.
A profound silence engulfs you.
It was a scroll of silence.
The gnoll hits you from afar with a +0 halberd!
You die...

Skill      XL: |  1  2  3  4 |
---------------+-------------+-----
Unarmed Combat | 3 4 |  4.0
Shapeshifting  | 3 |  3.7
Fighting       | |  1.0
Dodging        | |  1.7

Action                     |  1- 3 |  4- 6 || total
---------------------------+-------+-------++-------
  Melee: Unarmed           |    69 |    35 ||   104
         Punch             |     1 |       ||     1
         Touch             |       |     3 ||     3
    Use: Potion            |     1 |     1 ||     2
         Scroll            |       |     5 ||     5
   Stab: Sleeping          |     1 |       ||     1
 Armour: Animal skin       |    29 |     8 ||    37
         Skin              |    10 |    28 ||    38
         Ring mail         |       |    12 ||    12
  Dodge: Dodged            |    40 |    12 ||    52

Levels and vault maps discovered:
D:1:      amcnicky_arrival_blooded_trapdoor, layout_basic, serial_shops,
          nicolae_shop_trees, ebering_dispersal_statue_hall
D:2:      layout_rooms, nicolae_half_adder, uniq_robin, uniq_jessica

Notes
Turn   | Place    | Note
-------+----------+-------------------------------------------
     0 | D:1      | ytrimaz the Demonspawn Shapeshifter began the quest for the
                  | Orb.
     0 | D:1      | Reached XP level 1. HP: 15/15 MP: 1/1
     0 | D:1      | magus.rc [v1.9.6]
    40 | D:1      | Found Peatz's Antique Armour Shop.
   106 | D:1      | Reached skill level 3 in Unarmed Combat
   106 | D:1      | Gained mutation: You regenerate magic rapidly. [demonic
                  | ancestry]
   106 | D:1      | Reached XP level 2. HP: 18/21 MP: 2/2
   347 | D:1      | Reached skill level 3 in Shapeshifting
  1151 | D:2      | Noticed Jessica
  1160 | D:2      | Killed Jessica
  1161 | D:2      | Reached XP level 3. HP: 21/26 MP: 3/3
  1218 | D:2      | Noticed Robin
  1247 | D:2      | HP: 6/26 [goblin/+0 dagger[Robin] (2)]
  1254 | D:2      | Gained mutation: Your touch may inflict minor irresistible
                  | damage on your foes. [demonic ancestry]
  1254 | D:2      | Reached XP level 4. HP: 5/32 MP: 4/4
  1266 | D:2      | Killed Robin
  1268 | D:2      | HP: 10/48 [goblin/+0 dagger[Robin] (5)]
  1406 | D:2      | Reached skill level 4 in Unarmed Combat
  1520 | D:2      | HP: 1/32 [gnoll/+0 halberd (10)]
  1521 | D:2      | Mangled by a gnoll

Vanquished Creatures
  Jessica (D:2)
  Robin (D:2)
  3 adders (D:2)
  4 bats
  5 endoplasms
  2 giant cockroaches
  11 goblins
  2 hobgoblins (D:2)
  3 jackals (D:1)
  2 quokkas
  6 ball pythons
  2 kobolds (D:2)
42 creatures vanquished.

Table legend:
 A = Non-vault XP
 B = Vault XP
 C = Vault XP percentage of total XP
 D = Non-vault monster count
 E = Vault monster count
 F = Vault count percentage of total count
                 A         B        C        D         E       F
            +---------+---------+-------+---------+---------+-------
      Total |      57 |      98 |  63.2 |      28 |      14 |  33.3
            +---------+---------+-------+---------+---------+-------
        D:1 |      32 |       0 |   0.0 |      19 |       0 |   0.0
        D:2 |      25 |      98 |  79.7 |       9 |      14 |  60.9
            +---------+---------+-------+---------+---------+-------

Skill      XL: |  1  2  3  4 |
---------------+-------------+-----
Unarmed Combat | 3 4 |  4.0
Shapeshifting  | 3 |  3.7
Fighting       | |  1.0
Dodging        | |  1.7

Action                     |  1- 3 |  4- 6 || total
---------------------------+-------+-------++-------
  Melee: Unarmed           |    69 |    35 ||   104
         Punch             |     1 |       ||     1
         Touch             |       |     3 ||     3
    Use: Potion            |     1 |     1 ||     2
         Scroll            |       |     5 ||     5
   Stab: Sleeping          |     1 |       ||     1
 Armour: Animal skin       |    29 |     8 ||    37
         Skin              |    10 |    28 ||    38
         Ring mail         |       |    12 ||    12
  Dodge: Dodged            |    40 |    12 ||    52

Illustrated notes

Table legend:
 A = Kills in this place as a percentage of kills in the entire game.
 B = Kills by you in this place as a percentage of kills by you in the entire game.
 C = Kills by friends in this place as a percentage of kills by friends in the entire game.
 D = Other kills in this place as a percentage of other kills in the entire game.
 E = Experience gained in this place as a percentage of experience gained in the entire game.
 F = Experience gained in this place divided by the number of levels of this place that you have seen.
                   A       B       C       D       E      F
               +-------+-------+-------+-------+-------+----------------------
         Total | 100.0 | 100.0 |   N/A |   N/A | 100.0 |  77.5
       Dungeon | 100.0 | 100.0 |   N/A |   N/A | 100.0 |  77.5
               +-------+-------+-------+-------+-------+----------------------

Table legend: (Time is in decaauts)
 A = Elapsed time spent in this place.
 B = Non-inter-level travel time spent in this place.
 C = Inter-level travel time spent in this place.
 D = Time resting spent in this place.
 E = Time spent auto-exploring this place.
 F = Levels seen in this place.
 G = Mean time per level.
                   A        B        C        D        E       F      G
               +--------+--------+--------+--------+--------+-----+--------+
         Total |   1513 |   1453 |     60 |      0 |   1161 |   2 |  756.5 |
       Dungeon |   1513 |   1453 |     60 |      0 |   1161 |   2 |  756.5 |
               +--------+--------+--------+--------+--------+-----+--------+

Top non-repeatable levels by time:
     D:1: 1059 daAuts
     D:2: 454 daAuts
